 Dungeon Crawl Stone Soup version 0.18-a0-1773-gec4f98e (webtiles) character file.

174 MenacingMecha the Cleaver (level 5, 0/42 HPs)
             Began as a Hill Orc Gladiator on Apr 14, 2016.
             Succumbed to an orc wizard's poison
             ... on level 3 of the Dungeon.
             The game lasted 00:13:57 (2556 turns).

MenacingMecha the Cleaver (Hill Orc Gladiator)      Turns: 2556, Time: 00:13:58

Health: 0/42       AC:  9    Str: 18    XL:     5   Next: 54%
Magic:  5/5        EV: 13    Int:  8    God:
Gold:   69         SH:  0    Dex: 17    Spells: 0 memorised, 4 levels left

rFire  . . .     SeeInvis .     a - +0 war axe
rCold  . . .     Gourm    .     k - +0 chain mail
rNeg   . . .     Faith    .     (no shield)
rPois  .         Spirit   .     c - +0 helmet
rElec  .         Dismiss  .     (no cloak)
rCorr  .         Reflect  .     (no gloves)
SustAt .         Harm     .     (no boots)
MR     .....                    (no amulet)
Stlth  ..........               (no ring)
                                (no ring)

@: agile, lethally poisoned (0 -> -45), flying, very slightly contaminated,
invisible, not resistant to hostile enchantments, extremely unstealthy
A: no striking features
a: no special abilities


You were on level 3 of the Dungeon.
You were hungry.

You visited 1 branch of the dungeon, and saw 3 of its levels.

You collected 69 gold pieces.

Inventory:

Hand Weapons
 a - a +0 war axe (weapon)
Missiles
 d - 3 throwing nets (quivered)
Armour
 b - a +0 leather armour
 c - a +0 helmet (worn)
 k - a +0 chain mail (worn)
Jewellery
 o - an uncursed amulet of dismissal {unknown}
Scrolls
 g - a scroll of fog {unknown}
 i - 2 scrolls of recharging {unknown}
 j - 3 scrolls of identify {unknown}
 m - 2 scrolls of amnesia {unknown}
 q - a scroll of magic mapping {unknown}
Potions
 r - a potion of lignification {unknown}
Comestibles
 f - 4 bread rations
 h - a chunk of flesh
 s - a meat ration


   Skills:
 - Level 2.4 Fighting
 + Level 8.0 Axes
 - Level 1.7 Throwing
 - Level 2.4 Dodging


You had 4 spell levels left.
You didn't know any spells.

Dungeon Overview and Level Annotations

Branches:
Dungeon (3/15)

Altars:
Ashenzari

Annotations:
D:3 Leibowitz's ghost, amateur MfGl


Message History

Something tries to affect you, but you resist.
You miss something.
* * * LOW HITPOINT WARNING * * *
You feel very sick. Something hits you but does no damage.
You are more poisoned.
Drink which item? (? for menu, Esc to quit)
It was a potion of flight.
You feel very buoyant.
You fly up into the air.
* * * LOW HITPOINT WARNING * * *
You feel very sick.
You hear some strange, mumbled words.
A magic dart appears from out of thin air!
The magic dart hits you!
* * * LOW HITPOINT WARNING * * *
Drink which item? (? for menu, Esc to quit)
It was a potion of agility.
You feel agile all of a sudden.
You die... #### .. oo#

#'# #{# #.# #@#
#.# #.# ##.##
##.#######...##
#.............#
#....#####.#...##
#.#..#
#.##.#######
#.#..#
#........... #
#..# #.##.#######
#..# #.##.#


You could see 2 orcs.

Vanquished Creatures
  A centaur zombie (D:3)
  3 adders
  4 gnolls (D:3)
  5 dart slugs
  2 giant geckos
  6 orcs
  3 bats
  3 giant cockroaches
  5 goblins
  3 hobgoblins
  6 jackals
  9 kobolds
  A quokka (D:2)
  4 giant newts
  5 rats
60 creatures vanquished.

Notes
Turn   | Place    | Note
--------------------------------------------------------------
     0 | D:1      | MenacingMecha the Hill Orc Gladiator began the quest for the Orb.
     0 | D:1      | Reached XP level 1. HP: 18/18 MP: 1/1
   424 | D:1      | Reached XP level 2. HP: 25/25 MP: 2/2
   749 | D:1      | Reached skill level 5 in Axes
   846 | D:1      | Reached XP level 3. HP: 30/30 MP: 3/3
  1120 | D:2      | Reached skill level 6 in Axes
  1124 | D:2      | Found a shattered altar of Ashenzari.
  1198 | D:2      | Reached XP level 4. HP: 33/37 MP: 4/4
  1564 | D:3      | Reached skill level 7 in Axes
  1564 | D:3      | Reached XP level 5. HP: 14/42 MP: 5/5
  2194 | D:3      | Noticed Leibowitz's ghost (amateur MfGl)
  2446 | D:3      | Reached skill level 8 in Axes
  2556 | D:3      | Succumbed to an orc wizard's poison

Vault maps used:
D:1:      zelgadis_glass_arrival_small, minmay_hedge_maze
D:2:      serial_bayou_pond_e, evilmike_ruin_ashenzari

Skill      XL: |  1  2  3  4  5 |
---------------+----------------+-----
Axes           | 5 6 7 8 |  8.0
Fighting       | |  2.4
Throwing       | |  1.7
Dodging        | |  2.4

Action                   |  1- 3 |  4- 6 || total
-------------------------+-------+-------++-------
Melee: War axe           |    69 |   133 ||   202
  Use: Potion            |       |     4 ||     4
  Eat: Chunk             |     1 |     4 ||     5
Armor: Leather armour    |     7 |       ||     7
       Chain mail        |    24 |    84 ||   108
Dodge: Dodged            |    37 |    48 ||    85
